 Dungeon Crawl Stone Soup version 0.30-a0-782-ge64f9170bb (webtiles) character file.

Game seed: 7197129853311999654

99 Dirian the Covered (level 4, -4/40 HPs)
             Began as a Minotaur Fighter on Mar 8, 2023.
             Slain by an orc warrior
             ... wielding a +0 battleaxe
              (7 damage)
             ... on level 4 of the Dungeon.
             The game lasted 00:03:13 (1198 turns).

Dirian the Covered (Minotaur Fighter)               Turns: 1198, Time: 00:03:14

Health: -4/40      AC:  7    Str: 20 (21) XL:     4   Next: 45%
Magic:  3/3        EV:  9    Int:  5      God:
Gold:   84         SH:  5    Dex:  7 (9)  Spells: 3/3 levels left

rFire   . . .      SeeInvis .    a - +0 war axe
rCold   . . .      Faith    .    c - +1 buckler
rNeg    . . .      Spirit   .    b - +0 scale mail
rPois   .          Reflect  .    (helmet restricted)
rElec   .          Harm     .    (no cloak)
rCorr   .          Rampage  .    (no gloves)
Will    .....                    (no boots) Stlth
                                 (no amulet)
HPRegen 0.26/turn                (no ring)
MPRegen 0.08/turn                (no ring)

@: mighty
A: horns 2, retaliatory headbutt, high MP 1, weak 1, MP-powered wands
a: no special abilities


You were on level 4 of the Dungeon.
You visited 1 branch of the dungeon, and saw 5 of its levels.

You collected 84 gold pieces.

Inventory:

Hand Weapons
 a - a +0 war axe (weapon)
Armour
 b - a +0 scale mail (worn)
 c - a +1 buckler (worn)
Wands
 e - a wand of flame (24)
Scrolls
 r - 4 scrolls of identify
 t - 2 scrolls of teleportation
Potions
 d - a potion of might
 j - a potion of mutation
 w - 3 potions of heal wounds


   Skills:
 + Level 4.2 Fighting
 + Level 3.9 Axes
 + Level 4.6 Armour
 + Level 4.2 Shields


You had 3 spell levels left.
You didn't know any spells.
Your spell library contained the following spells:

 Spells                   Type           Power      Damage    Failure   Level
 Apportation              Tloc           0%         N/A       88%         1
 Necrotise                Necr           0%         1d4       88%         1
 Summon Small Mammal      Summ           0%         N/A       88%         1


Dungeon Overview and Level Annotations

Branches:
Dungeon (5/15) Zot: 26985
 Temple: D:4-7

Altars:


Innate Abilities, Weirdness & Mutations

You have a pair of horns on your head.
You reflexively headbutt those who attack you in melee.
You have an increased reservoir of magic. (+10% MP)
You are weak. (Str -2)
You expend magic power (3 MP) to strengthen your wands.


Message History

The gnoll hits you but does no damage. The gnoll misses you.
The orc shouts!
You slash the gnoll!
The gnoll is severely wounded.
You slash the gnoll! The gnoll hits you with a +0 club!
The gnoll closely misses you.
You barely miss the gnoll.
The gnoll is severely wounded.
You slash the gnoll!
You kill the gnoll!
The gnoll closely misses you.
An orc comes into view. It is wielding a +0 hand axe.
The gnoll hits you with a +0 halberd.
You feel your strength returning.
You have reached level 4!
You feel stronger.
You closely miss the gnoll. You headbutt the gnoll.
You kill the gnoll!
You feel your intelligence returning.
You slash the gnoll! You headbutt the gnoll!
You kill the gnoll!
You block the gnoll's attack. The gnoll hits you with a +0 halberd.
Items here: )) ††.
You slash the gnoll!
You kill the gnoll!
You feel your dexterity returning.
The orc warrior hits you with a +0 battleaxe.
The orc priest looks braver for a moment.
Things that are here:
a +0 halberd; a gnoll corpse You hit the orc warrior.
Your headbutt misses the orc warrior.
The orc warrior is lightly wounded.
The orc warrior hits you with a +0 battleaxe.
You slice the orc warrior!!
The orc warrior is severely wounded.
The orc warrior hits you with a +0 battleaxe!
* * * LOW HITPOINT WARNING * * *
The orc warrior hits you with a +0 battleaxe!
You die...

....
#..##
...
...
#.#
#)#
#>#
#)#
#@#
#o#


.oo ♣#.## ... ... ... ##.## You could see an orc warrior, an orc priest and an
orc.

Vanquished Creatures
  Ijyb (D:5)
  4 gnolls (D:4)
  5 bats
  2 endoplasms
  A giant cockroach (D:2)
  4 goblins
  2 hobgoblins (D:2)
  6 ball pythons
  2 frilled lizards (D:1)
  10 kobolds
  3 rats
40 creatures vanquished.

Vanquished Creatures (others)
  A plant (D:4)
1 creature vanquished.

Grand Total: 41 creatures vanquished

Notes
Turn   | Place    | Note
-------+----------+-------------------------------------------
     0 | D:1      | Dirian the Minotaur Fighter began the quest for the Orb.
     0 | D:1      | Reached XP level 1. HP: 19/19 MP: 0/0
   131 | D:1      | Reached XP level 2. HP: 27/27 MP: 1/1
   653 | D:1      | Gained mutation: You have an increased reservoir of magic.
                  | (+10% MP) [potion of mutation]
   653 | D:1      | Gained mutation: You are weak. (Str -2) [potion of
                  | mutation]
   653 | D:1      | Gained mutation: You expend magic power (3 MP) to
                  | strengthen your wands. [potion of mutation]
   800 | D:2      | Reached XP level 3. HP: 32/33 MP: 2/2
  1090 | D:3      | You fall into a shaft and drop 2 floors!
  1090 | D:5      | Entered Level 5 of the Dungeon
  1111 | D:5      | Noticed Ijyb
  1119 | D:5      | Killed Ijyb
  1188 | D:4      | Noticed an orc warrior
  1192 | D:4      | Reached XP level 4. HP: 27/40 MP: 3/3
  1198 | D:4      | Slain by an orc warrior

Illustrated notes

Levels and vault maps discovered:
D:1:      sevenhm_arrival_forest_fort_large_4, layout_rooms, serial_aquarium,
          aquarium_bridge_square [aquarium_subvault_wall,
          aquarium_subvault_window, aquarium_subvault_window,
          aquarium_subvault_bridge], aquarium_window_3, aquarium_window_fake,
          aquarium_window_corner, aquarium_view_2c, st_stairs_8,
          minmay_tree_intersection
D:2:      layout_rooms
D:3:      layout_basic, uniq_natasha
D:4:      layout_loops_corners, serial_bayou_lake_a
D:5:      layout_loops_ring, minmay_temple_entry_proselytizer,
          gammafunk_ghost_necromancy, uniq_ijyb

Skill      XL: |  1  2  3 |
---------------+----------+-----
Armour         | 4 |  4.6
Fighting       | 4 |  4.2
Shields        | 4 |  4.2
Axes           | 3 |  3.9

Action                     |  1- 3 |  4- 6 || total
---------------------------+-------+-------++-------
  Melee: War axe           |    81 |     5 ||    86
         Headbutt          |    10 |     2 ||    12
    Use: Scroll            |     5 |       ||     5
         Potion            |     7 |       ||     7
 Armour: Scale mail        |    49 |       ||    49
  Dodge: Dodged            |    42 |       ||    42
  Block: Buckler           |    30 |     1 ||    31

Table legend: (Time is in decaauts)
 A = Elapsed time spent in this place.
 B = Non-inter-level travel time spent in this place.
 C = Inter-level travel time spent in this place.
 D = Time resting spent in this place.
 E = Time spent auto-exploring this place.
 F = Levels seen in this place.
 G = Mean time per level.
                   A        B        C        D        E       F      G
               +--------+--------+--------+--------+--------+-----+--------+
         Total |   1231 |   1191 |     40 |      2 |    920 |   5 |  246.2 |
       Dungeon |   1231 |   1191 |     40 |      2 |    920 |   5 |  246.2 |
               +--------+--------+--------+--------+--------+-----+--------+

Top non-repeatable levels by time:
     D:1: 675 daAuts
     D:2: 442 daAuts
     D:5: 99 daAuts
     D:4: 13 daAuts
